 Dungeon Crawl Stone Soup version 0.17-a0-2109-g117576f (webtiles) character file.

285 TruthSerum the Skirmisher (level 6, 0/58 HPs)
             Began as a Hill Orc Fighter on Oct 19, 2015.
             Slain by an orc (4 damage)
             ... on level 4 of the Dungeon.
             The game lasted 00:11:34 (1621 turns).

TruthSerum the Skirmisher (Hill Orc Fighter)        Turns: 1621, Time: 00:11:34

Health: 0/58       AC:  9    Str: 19    XL:     6   Next: 29%
Magic:  6/6        EV:  5    Int:  8    God:
Gold:   218        SH:  9    Dex: 12    Spells: 0 memorised, 5 levels left

rFire  . . .     SeeInvis .     a - +0 flail
rCold  . . .     Clarity  .     s - +0 chain mail
rNeg   . . .     SustAt   .     c - +0 shield
rPois  .         Gourm    .     (no helmet)
rElec  .         Spirit   .     (no cloak)
rCorr  .         Warding  .     (no gloves)
rMut   .         Stasis   .     (no boots)
MR     .....                    (no amulet)
Stlth  ..........               (no ring)
                                (no ring)

@: not resistant to hostile enchantments, extremely unstealthy
A: no striking features
a: no special abilities


You were on level 4 of the Dungeon.
You were not hungry.

You visited 1 branch of the dungeon, and saw 4 of its levels.

You collected 218 gold pieces.

Inventory:

Hand Weapons
 a - a +0 flail (weapon)
 u - a +0 great mace
Armour
 c - a +0 shield (worn)
 s - a +0 chain mail (worn)
Jewellery
 r - an uncursed ring of teleportation
Scrolls
 h - a scroll of recharging {unknown}
 p - 2 scrolls of teleportation
 q - 3 scrolls of magic mapping
 t - 2 scrolls of identify
Potions
 b - a potion of poison {unknown}
 d - a potion of might
 i - a potion of lignification
 j - a potion of heal wounds
 k - a potion of haste
 l - 3 potions of curing {unknown}
 m - a potion of invisibility {unknown}
Comestibles
 e - 3 bread rations
 f - 2 beef jerkies
 g - 3 chunks of flesh
 n - 2 meat rations
 o - a royal jelly


   Skills:
 + Level 6.5 Fighting
 + Level 5.0 Maces & Flails
 - Level 3.2 Armour
 - Level 3.2 Shields


You had 5 spell levels left.
You didn't know any spells.

Dungeon Overview and Level Annotations

Branches:
Dungeon (4/15)
 Temple: D:4-7

Altars:
Sif Muna
Trog

Shops:
D:4 %


Message History

The orc priest hits you with a falchion.
* * * LOW HITPOINT WARNING * * *
You closely miss the orc priest.
The orc priest shouts, "Join the one true god or die!"
The orc priest is severely wounded.
The orc completely misses you. The orc hits you but does no damage.
The orc priest hits you with a falchion.
* * * LOW HITPOINT WARNING * * *
Unknown command.
You hit the orc priest.
You kill the orc priest!
Your Maces & Flails skill increases to level 5!
The orc hits you but does no damage. You block the orc's attack.
You block the orc's attack.
Your chain mail prevents you from hitting the orc.
The orc hits you but does no damage. You block the orc's attack.
You hit the orc.
The orc is heavily wounded.
The orc closely misses you. You block the orc's attack. The orc hits you.
You die...

# ### ##.###..### ..
#.......... ## #.
##.#.###.### ..#
#.#####..#.# .# ..
#......<##.# .# #.
#...######.## .#
##.###..######>.# o#
.............>..##o#
.##.##########..@#.###
#..# ##o)o...# ##.###
##...#..#
..##...##########..# #
...............###.#
.######.#.......##..
#..........#...
#..........###..
##........## ..


You could see 2 orcs.

Vanquished Creatures
  A sky beast (D:4)
  An orc wizard (D:4)
  2 orc priests (D:4)
  Terence (D:3)
  3 adders (D:2)
  A worm (D:4)
  A giant gecko (D:1)
  An orc (D:3)
  2 ball pythons
  5 bats
  3 giant cockroaches (D:1)
  2 goblins
  9 hobgoblins
  4 giant newts
  9 jackals (D:3)
  5 kobolds
  4 rats
54 creatures vanquished.

Notes
Turn   | Place    | Note
--------------------------------------------------------------
     0 | D:1      | TruthSerum the Hill Orc Fighter began the quest for the Orb.
     0 | D:1      | Reached XP level 1. HP: 19/19 MP: 1/1
   139 | D:1      | Reached XP level 2. HP: 22/27 MP: 2/2
   195 | D:1      | Reached skill level 4 in Fighting
   466 | D:1      | Reached XP level 3. HP: 9/33 MP: 3/3
   663 | D:2      | Found a bloodstained altar of Trog.
   780 | D:2      | Reached XP level 4. HP: 37/41 MP: 4/4
  1080 | D:3      | Reached skill level 5 in Fighting
  1207 | D:3      | Found a deep blue altar of Sif Muna.
  1237 | D:3      | Noticed Terence
  1251 | D:3      | Killed Terence
  1552 | D:4      | Noticed a sky beast
  1553 | D:4      | Found Luer's Food Shop.
  1571 | D:4      | Killed a sky beast
  1571 | D:4      | Reached skill level 6 in Fighting
  1571 | D:4      | Reached XP level 5. HP: 18/50 MP: 5/5
  1610 | D:4      | Reached XP level 6. HP: 14/57 MP: 6/6
  1619 | D:4      | Reached skill level 5 in Maces & Flails
  1621 | D:4      | Slain by an orc

Vault maps used:
D:1:      minmay_arrival_checkered_box
D:2:      bloody_trog, first_bread
D:3:      led_sif_pool, serial_glass, glass_columns_a, glass_columns_a,
          glass_columns_a, glass_columns_b, glass_columns_a, glass_columns_b,
          glass_columns_b, glass_columns_b, minmay_strange_pillars,
          due_unseen_surprise, item_on_display_a, minmay_strange_pillars,
          uniq_terence
D:4:      nicolae_gozag_seed_capital, serial_shops, shop_statue

Action                   |  1- 3 |  4- 6 || total
-------------------------+-------+-------++-------
Melee: Flail             |   117 |   114 ||   231
  Use: Scroll            |     6 |     3 ||     9
  Eat: Chunk             |       |     3 ||     3
